 Dungeon Crawl Stone Soup version 0.32-a0-986-ga09f62fbf4 (webtiles) character file.

Game seed: 13216865854479298700

95 GiantSquids the Shooter (level 4, -7/35 HPs)
             Began as a Coglin Hunter on Apr 21, 2024.
             Mangled by an orc
             ... wielding a +0 war axe
              (9 damage)
             ... on level 4 of the Dungeon.
             The game lasted 00:06:15 (2380 turns).

GiantSquids the Shooter (Coglin Hunter)             Turns: 2380, Time: 00:06:16

Health: -7/35      AC:  6    Str: 12    XL:     4   Next: 65%
Magic:  4/4        EV: 11    Int:  8    God:
Gold:   62         SH:  0    Dex: 19    Spells: 3/3 levels left

rFire   . . .        a - +2 sling {Fuyuko}
rCold   . . .        d - +0 sling {Gladwin}
rNeg    . . .        c - +0 leather armour
rPois   .            q - +0 helmet
rElec   .            (no cloak)
rCorr   .            e - +0 pair of gloves
SInv    .            o - +0 pair of boots
Will    .....        (amulet unavailable)
Stlth   ++           (ring unavailable)
HPRegen 0.25/turn    (ring unavailable)
MPRegen 0.09/turn    (no gizmo)

%: no passive effects
@: revved
A: off-hand wielding, slow wielding, warmup strikes, no jewellery
a: Invent Gizmo


You were on level 4 of the Dungeon.
You visited 1 branch of the dungeon, and saw 4 of its levels.

You collected 122 gold pieces.
You spent 60 gold pieces at shops.

Inventory:

Hand Weapons
 a - a +2 sling (weapon) {Fuyuko}
 d - a +0 sling (offhand) {Gladwin}
Armour
 c - a +0 leather armour (worn)
 e - a +0 pair of gloves (worn)
 o - a +0 pair of boots (worn)
 q - a +0 helmet (worn)
Wands
 m - a wand of mindburst (10)
Scrolls
 h - a scroll of amnesia {unknown}
 j - a scroll of noise {unknown}
 k - 3 scrolls of identify {unknown}
 l - 3 scrolls of vulnerability {unknown}
 p - a scroll of torment {unknown}
 r - a scroll of enchant armour {unknown}
 t - a scroll of fog {unknown}
 v - a scroll of blinking {unknown}
Potions
 f - 3 potions of heal wounds
 g - a potion of attraction {unknown}
 i - a potion of ambrosia {unknown}
 n - a potion of enlightenment {unknown}
 s - a potion of degeneration {unknown}
 u - 2 potions of curing {unknown}


   Skills:
 + Level 3.1 Fighting
 * Level 4.8 Ranged Weapons
 - Level 1.7 Dodging
 - Level 0.7 Stealth


You had 3 spell levels left.
You didn't know any spells.
Your spell library was empty.

Dungeon Overview and Level Annotations

Branches:
Dungeon (4/15)
 Temple: D:4-7

Altars:
Kikubaaqudgha
Sif Muna

Shops:
D:1 !

Annotations:
D:4 Pikel


Innate Abilities, Weirdness & Mutations

You can wield a second weapon in your off-hand.
It takes a long time for you to wield or remove held weapons.
Your first few attacks do less damage.
You cannot equip rings or amulets.


Message History

The orc is heavily wounded.
The hound bites you but does no damage. The hound closely misses you.
You shoot a sling bullet.
The sling bullet hits the hound but does no damage.
You shoot a sling bullet.
The sling bullet barely misses the hound.
The sling bullet hits the orc.
You kill the orc!
The hound bites you but does no damage. The orc barely misses you.
You shoot a sling bullet. The sling bullet hits the hound.
The hound is lightly wounded.
You shoot a sling bullet.
The sling bullet hits the hound but does no damage.
The hound is lightly wounded.
The hound closely misses you. The hound bites you but does no damage.
The orc hits you but does no damage.
You shoot a sling bullet. The sling bullet hits the hound!
The hound is severely wounded.
You shoot a sling bullet. The sling bullet hits the hound!
You kill the hound!
The orc hits you with a +0 war axe. The orc misses you.
Your Fighting skill increases to level 3!
You shoot a sling bullet. The sling bullet hits the orc.
The orc is heavily wounded.
You shoot a sling bullet. The sling bullet barely misses the orc.
The orc hits you but does no damage. The orc hits you with a +0 war axe.
* * * LOW HITPOINT WARNING * * *
You shoot a sling bullet. The sling bullet barely misses the orc.
You shoot a sling bullet. The sling bullet hits the orc.
The orc is lightly wounded.
The orc hits you but does no damage. The orc barely misses you.
You shoot a sling bullet. The sling bullet hits the orc.
The orc is heavily wounded.
You shoot a sling bullet.
The sling bullet hits the orc but does no damage.
The orc is heavily wounded.
The orc hits you with a +0 hand axe.
* * * LOW HITPOINT WARNING * * *
The orc hits you with a +0 war axe!
You die...

...# ...##.#.#....
...######..#.#.#...
...............#..
#.#............#.#
#.#......o.....#.#
#o#..............########
#.#####......####.......#
#o#
#......####.......#######
# #.#
#....#.).o@..............
# #.#
#....#...o#..........###
# #.#
#########.#..........# #
#.# #.#..........# .#
#.### #............# #.#
....# ####..####...## #.#
:.#.# ##.##......# #.#
..#b# #..#......# #[#
..#.# ##.#......# #.#


You could see 2 orcs.

Vanquished Creatures
  A hound (D:4)
  2 adders (D:2)
  2 ribbon worms (D:2)
  An orc (D:4)
  2 ball pythons
  4 bats
  5 endoplasms
  2 giant cockroaches (D:1)
  4 goblins
  4 hobgoblins
  2 quokkas
  2 frilled lizards
  4 kobolds
  3 rats
38 creatures vanquished.

Notes
Turn   | Place    | Note
-------+----------+-------------------------------------------
     0 | D:1      | GiantSquids the Coglin Hunter began the quest for the Orb.
     0 | D:1      | Reached XP level 1. HP: 16/16 MP: 1/1
    69 | D:1      | Reached XP level 2. HP: 22/22 MP: 2/2
   152 | D:1      | Found Zipluuxe's Distillery.
   251 | D:1      | Reached skill level 4 in Ranged Weapons
   611 | D:2      | Reached XP level 3. HP: 28/28 MP: 3/3
   925 | D:1      | Bought a potion of heal wounds for 60 gold pieces
  1195 | D:2      | Found an ancient bone altar of Kikubaaqudgha.
  1695 | D:3      | Reached XP level 4. HP: 34/34 MP: 4/4
  2069 | D:3      | Found a shimmering blue altar of Sif Muna.
  2161 | D:4      | Identified the +7 flail "Ecladack" {freeze, rElec rF+ rC+}
  2311 | D:4      | Noticed a lemure
  2312 | D:4      | Noticed a lemure
  2313 | D:4      | Noticed Pikel
  2315 | D:4      | Noticed a lemure
  2380 | D:4      | Mangled by an orc

Illustrated notes

Levels and vault maps discovered:
D:1:      dpeg_arrival_simpleton_b, layout_loops_ring, serial_shops,
          nicolae_shop_tiny_real_fake_doors
D:2:      layout_loops_ring, basic_altar, serial_bayou, serial_bayou_ford_a,
          serial_bayou_pond_e, serial_bayou_lagoon_b, serial_bayou_lagoon_a,
          minivault_24, minmay_tree_intersection, dk_noncrumbling_2,
          minmay_misc_feat_encased
D:3:      layout_basic, lemuel_tele_altar
D:4:      layout_basic, uniq_pikel

Skill      XL: |  1  2  3  4 |
---------------+-------------+-----
Ranged Weapons | 4 |  4.8
Fighting       | 3 |  3.1
Dodging        | |  1.7
Stealth        | |  0.7

Action                     |  1- 3 |  4- 6 || total
---------------------------+-------+-------++-------
   Fire: Sling             |   142 |    48 ||   190
    Use: Scroll            |       |     1 ||     1
 Armour: Leather armour    |     5 |    26 ||    31
  Dodge: Dodged            |    11 |    18 ||    29

Table legend: (Time is in decaauts)
 A = Elapsed time spent in this place.
 B = Non-inter-level travel time spent in this place.
 C = Inter-level travel time spent in this place.
 D = Time resting spent in this place.
 E = Time spent auto-exploring this place.
 F = Levels seen in this place.
 G = Mean time per level.
                   A        B        C        D        E       F      G
               +--------+--------+--------+--------+--------+-----+--------+
         Total |   2441 |   2355 |     86 |      0 |   1926 |   4 |  610.2 |
       Dungeon |   2441 |   2355 |     86 |      0 |   1926 |   4 |  610.2 |
               +--------+--------+--------+--------+--------+-----+--------+

Top non-repeatable levels by time:
     D:2: 1021 daAuts
     D:1: 647 daAuts
     D:3: 483 daAuts
     D:4: 288 daAuts
